 Dungeon Crawl Stone Soup version 0.18-a0-2-g0e512fa (webtiles) character file.

197 Eptagon the Cudgeler (level 5, -2/34 HPs)
             Began as a Gargoyle Fighter on Oct 31, 2015.
             Killed by nerve-wracking pain
             ... invoked by Grinder
              (12 damage)
             ... on level 3 of the Dungeon.
             The game lasted 00:06:32 (2992 turns).

Eptagon the Cudgeler (Gargoyle Fighter)             Turns: 2992, Time: 00:06:32

Health: -2/34      AC: 12    Str: 20    XL:     5   Next: 75%
Magic:  5/5        EV:  9    Int:  9    God:
Gold:   37         SH:  0    Dex:  9    Spells: 0 memorised, 4 levels left

rFire  . . .     SeeInvis .     a - +0 flail
rCold  . . .     Clarity  .     b - +0 scale mail
rNeg   + . .     SustAt   .     (no shield)
rPois  ∞         Gourm    .     (no helmet)
rElec  +         Spirit   .     o - +0 cloak
rCorr  .         Warding  .     (no gloves)
rMut   .         Stasis   .     (no boots)
MR     .....                    (no amulet)
Stlth  ..........               (no ring)
                                (no ring)

@: not resistant to hostile enchantments, extremely unstealthy
A: negative energy resistance 1, electricity resistance, unbreathing,
petrification resistance, rot immunity, AC +4
a: no special abilities


You were on level 3 of the Dungeon.
You were not hungry.

You visited 1 branch of the dungeon, and saw 3 of its levels.

You collected 37 gold pieces.

Inventory:

Hand Weapons
 a - a +0 flail (weapon)
Missiles
 g - 13 poisoned needles
Armour
 b - a +0 scale mail (worn)
 c - a +0 shield
 o - a +0 cloak (worn)
Jewellery
 q - an uncursed amulet of stasis
Wands
 h - a wand of slowing (26)
 n - a wand of digging (10)
Scrolls
 f - a scroll of enchant armour {unknown}
 m - a scroll of amnesia {unknown}
Potions
 d - 2 potions of might
 i - a potion of heal wounds
 l - a potion of agility
 p - 3 potions of curing {unknown}
Comestibles
 e - 3 bread rations
 j - a beef jerky


   Skills:
 + Level 4.7 Fighting
 * Level 4.8 Maces & Flails
 - Level 3.2 Armour
 - Level 3.2 Shields


You had 4 spell levels left.
You didn't know any spells.

Dungeon Overview and Level Annotations

Branches:
Dungeon (3/15)

Altars:
Dithmenos

Annotations:
D:3 Grinder


Innate Abilities, Weirdness & Mutations

You are resistant to torment.
Your stone body is resilient (AC +4).
You are immune to poison.
You resist negative energy.
You are resistant to electric shocks.
You can survive without breathing.
You are immune to petrification.
You are immune to rotting.


Message History

Read which item? (? for menu, Esc to quit)
Okay, then.
Drink which item? (? for menu, Esc to quit)
Okay, then.
You closely miss Grinder. Grinder hits you but does no damage.
You closely miss Grinder. Grinder gestures at you.
Pain shoots through your body! Grinder gestures at you.
Pain shoots through your body!
* * * LOW HITPOINT WARNING * * *
Grinder gestures at you.
You suddenly lose the ability to move!
Grinder hits you but does no damage.
You can move again.
Grinder gestures at you. You resist with significant effort.
Grinder gestures at you. Pain shoots through your body!
You die...

##.....## #.#
####.......# #.#
...#.#._.#.####.#
#....##.##......#
#.#...###...#####
#.##.......######
#.###..5........#
.######.......#######.#
#............@# #.#
#.######....).### #.#
####.....# #.# #####<#
#.# ### #.# #.# #.# #.#


You could see Grinder.

Vanquished Creatures
  Crazy Yiuf (D:2)
  Jessica (D:2)
  8 adders
  An ooze (D:1)
  2 worms (D:2)
  4 giant geckos
  An orc (D:3)
  2 ball pythons
  2 bats
  10 hobgoblins
  2 jackals (D:2)
  A quokka (D:2)
  2 giant cockroaches
  3 giant newts
  5 goblins
  7 kobolds
  7 rats
59 creatures vanquished.

Notes
Turn   | Place    | Note
--------------------------------------------------------------
     0 | D:1      | Eptagon the Gargoyle Fighter began the quest for the Orb.
     0 | D:1      | Reached XP level 1. HP: 14/14 MP: 1/1
   316 | D:1      | Reached XP level 2. HP: 19/19 MP: 2/2
   983 | D:1      | Reached XP level 3. HP: 24/24 MP: 3/3
  1258 | D:2      | Reached skill level 4 in Fighting
  1287 | D:2      | Noticed Jessica
  1298 | D:2      | Killed Jessica
  1298 | D:2      | Reached XP level 4. HP: 14/29 MP: 4/4
  1744 | D:2      | Reached XP level 5. HP: 29/34 MP: 5/5
  2435 | D:2      | Noticed Crazy Yiuf
  2443 | D:2      | Killed Crazy Yiuf
  2691 | D:3      | Found a shadowy altar of Dithmenos.
  2739 | D:3      | Noticed Grinder
  2794 | D:3      | Paralysed by Grinder for 4 turns
  2984 | D:3      | Paralysed by Grinder for 4 turns
  2992 | D:3      | Killed from afar by Grinder

Vault maps used:
D:1:      dpeg_arrival_morbid_curiosity
D:2:      uniq_jessica, uniq_crazy_yiuf_cottage
D:3:      elyvilon_altar_4, nicolae_gozag_seed_capital, minmay_crystal_water,
          nicolae_dithmenos_through_a_glass_darkly, uniq_sigmund, uniq_grinder

Action                   |  1- 3 |  4- 6 || total
-------------------------+-------+-------++-------
Melee: Flail             |    99 |   161 ||   260
Evoke: Wand              |       |     1 ||     1
  Use: Scroll            |     2 |     2 ||     4
  Eat: Chunk             |     1 |     6 ||     7
